[Event "44th Badalona Open 2018"]
[Site "Badalona"]
[Date "2018.08.07"]
[Round "7"]
[White "Hovakimyan, Narek"]
[Black "Mut Company, Guillem Joan"]
[Result "0-1"]
[ECO "B12"]
[WhiteElo "1851"]
[BlackElo "1898"]
[Annotator "NA"]
[PlyCount "104"]
[EventDate "2018.08.01"]
[EventType "swiss"]
[EventCountry "ESP"]
[SourceTitle "playchess.com"]
[Source "ChessBase"]
[SourceQuality "1"]
[TimeControl "5400+30"]

1. e4 c6 2. d4 d5 3. e5 c5 4. c3 Nc6 5. Nf3 cxd4 6. cxd4 Bg4 7. Nc3 e6 8. h3 Bxf3 9. gxf3 Qb6 10. Bb5 Nge7 11. Be3 Nf5 12. O-O Be7 13. Rc1 Rc8 14. Bxc6+ Rxc6 15. Na4 Rxc1 16. Qxc1 Qc6 17. Qxc6+ bxc6 18. Rc1 Kd7 19. Nc5+ Bxc5 20. Rxc5 Kc7 21. b4 a6 22. Kf1 h5 23. Ke2 Rg8 24. Rc1 Rb8 25. a3 a5 26. Rb1 axb4 27. axb4 Ra8 28. f4 Kb6 29. Bc1 Kb5 30. Kd3 Ra2 31. Bb2 Kxb4 32. Bc3+ Ka3 33. Bd2 Ka4 34. Rb4+ Ka3 35. Rb7 Ka4 36. Ra7+ Kb3 37. Rb7+ Ka4 38. Rxf7 Kb5 39. Rb7+ Ka6 40. Rb8 Ka7 41. Re8 Ra3+ 42. Bc3 c5 43. Kc2 cxd4 44. Bb4 Rxh3 45. Rxe6 Rf3 46. Bd2 Rxf2 47. Rg6 h4 48. Rg5 g6 49. Rxg6 h3 50. e6 Re2 51. Kd3 h2 52. Kxe2 h1=Q 0-1

[Event "44th Badalona Open 2018"]
[Site "Badalona"]
[Date "2018.08.08"]
[Round "8"]
[White "Gallego Alcaraz, Andres Felipe"]
[Black "Aguero Jimenez, Luis Lazaro"]
[Result "1/2-1/2"]
[ECO "D20"]
[WhiteElo "2500"]
[BlackElo "2482"]
[Annotator "ChessBase"]
[PlyCount "53"]
[EventDate "2018.08.01"]
[EventType "swiss"]
[EventCountry "ESP"]
[SourceTitle "playchess.com"]
[Source "ChessBase"]
[SourceQuality "1"]
[TimeControl "5400+30"]

1. d4 d5 2. c4 dxc4 3. e4 e5 4. Nf3 exd4 5. Bxc4 Bb4+ 6. Nbd2 Nc6 7. O-O Nf6 8. e5 Nd5 9. Nb3 Nb6 10. Bg5 Be7 11. Bxe7 Qxe7 12. Bb5 Bd7 13. Re1 O-O 14. Rc1 Rfe8 15. Nc5 a6 16. Bxc6 Bxc6 17. Nxd4 Rad8 18. Nxc6 bxc6 19. Qe2 Rd5 20. b4 a5 21. Qb2 axb4 22. Qxb4 Rxe5 23. Rxe5 Qxe5 24. g3 Qg5 25. Rd1 Nd5 26. Qd4 Qh5 27. Rc1 1/2-1/2

[Event "44th Badalona Open 2018"]
[Site "Badalona"]
[Date "2018.08.08"]
[Round "8"]
[White "Escalante Ramirez, Brian Sebastian"]
[Black "Hernandez, Cristian Andres"]
[Result "1-0"]
[ECO "B48"]
[WhiteElo "2438"]
[BlackElo "2323"]
[Annotator "NA"]
[PlyCount "83"]
[EventDate "2018.08.01"]
[EventType "swiss"]
[EventCountry "ESP"]
[SourceTitle "playchess.com"]
[Source "ChessBase"]
[SourceQuality "1"]
[TimeControl "5400+30"]

1. e4 c5 2. Nc3 e6 3. Nge2 Nc6 4. d4 cxd4 5. Nxd4 Qc7 6. Be3 a6 7. a3 b5 8. Nxc6 Qxc6 9. Be2 Bb7 10. O-O Bc5 11. Qd3 Ne7 12. Rfd1 Rd8 13. Bf3 Bxe3 14. Qxe3 d6 15. Qd4 e5 16. Qe3 O-O 17. Rd2 Qc7 18. Rad1 Bc8 19. Rd3 Be6 20. Qd2 Nc8 21. Be2 Rd7 22. Nd5 Qd8 23. h3 Qh4 24. Qe3 f5 25. exf5 Bxf5 26. R3d2 Rdf7 27. Qg3 Qxg3 28. fxg3 Be6 29. c4 Bxd5 30. Rxd5 Rf2 31. R5d2 e4 32. cxb5 e3 33. Bc4+ Kh8 34. Rxf2 Rxf2 35. bxa6 Rxb2 36. Rf1 Rf2 37. Rxf2 exf2+ 38. Kxf2 g5 39. Ke3 Kg7 40. Kd4 Kf6 41. Kd5 Nb6+ 42. Kc6 1-0

[Event "44th Badalona Open 2018"]
[Site "Badalona"]
[Date "2018.08.08"]
[Round "8"]
[White "Panelo, Marcelo"]
[Black "Sturt, Raven M"]
[Result "0-1"]
[ECO "A83"]
[WhiteElo "2360"]
[BlackElo "2437"]
[Annotator "NA"]
[PlyCount "60"]
[EventDate "2018.08.01"]
[EventType "swiss"]
[EventCountry "ESP"]
[SourceTitle "playchess.com"]
[Source "ChessBase"]
[SourceQuality "1"]
[TimeControl "5400+30"]

1. d4 f5 2. e4 fxe4 3. Nc3 Nf6 4. Bg5 Nc6 5. d5 Ne5 6. Qe2 Nf7 7. Bxf6 exf6 8. Nxe4 Be7 9. d6 cxd6 10. Nc3 d5 11. O-O-O O-O 12. Nxd5 Bc5 13. f4 d6 14. Nf3 Re8 15. Qd2 Bd7 16. Bc4 b5 17. Bb3 a5 18. c3 b4 19. cxb4 axb4 20. Rhe1 Kh8 21. Rxe8+ Bxe8 22. Kb1 Nh6 23. Nd4 Qa5 24. h3 Bg6+ 25. Ka1 Bxd4 26. Qxd4 Bc2 27. Bc4 Nf5 28. Qd2 Bxd1 29. Qxd1 Qc5 30. b3 Ne3 0-1

[Event "44th Badalona Open 2018"]
[Site "Badalona"]
[Date "2018.08.08"]
[Round "8"]
[White "Verstraeten, Reinaert"]
[Black "Fluvia Poyatos, Jordi"]
[Result "1/2-1/2"]
[ECO "E04"]
[WhiteElo "2303"]
[BlackElo "2442"]
[Annotator "NA"]
[PlyCount "30"]
[EventDate "2018.08.01"]
[EventType "swiss"]
[EventCountry "ESP"]
[SourceTitle "playchess.com"]
[Source "ChessBase"]
[SourceQuality "1"]
[TimeControl "5400+30"]

1. c4 e6 2. Nf3 Nf6 3. g3 d5 4. d4 dxc4 5. Bg2 Nc6 6. Qa4 Bb4+ 7. Bd2 Bd6 8. Qxc4 O-O 9. O-O e5 10. dxe5 Nxe5 11. Nxe5 Bxe5 12. Qc2 c6 13. Bc3 Qe7 14. Bxe5 Qxe5 15. Nc3 Be6 1/2-1/2

[Event "44th Badalona Open 2018"]
[Site "Badalona"]
[Date "2018.08.08"]
[Round "8"]
[White "De Strycker, Nathan"]
[Black "Ootes, Lars"]
[Result "1/2-1/2"]
[ECO "A41"]
[WhiteElo "2251"]
[BlackElo "2379"]
[Annotator "NA"]
[PlyCount "42"]
[EventDate "2018.08.01"]
[EventType "swiss"]
[EventCountry "ESP"]
[SourceTitle "playchess.com"]
[Source "ChessBase"]
[SourceQuality "1"]
[TimeControl "5400+30"]

1. d4 d6 2. c4 f5 3. Nf3 Nf6 4. g3 g6 5. Bg2 Bg7 6. O-O O-O 7. b3 c6 8. Bb2 a5 9. Nc3 Qc7 10. d5 Na6 11. Nd4 e5 12. dxe6 Nc5 13. Qd2 a4 14. Rad1 axb3 15. axb3 Re8 16. Ra1 Rxa1 17. Rxa1 Qb6 18. Na4 Nxa4 19. Rxa4 Bxe6 20. Nxe6 Rxe6 21. Bxf6 Bxf6 1/2-1/2

[Event "44th Badalona Open 2018"]
[Site "Badalona"]
[Date "2018.08.08"]
[Round "8"]
[White "Mut Company, Guillem Joan"]
[Black "Ferre Campos, Josep"]
[Result "1/2-1/2"]
[ECO "A41"]
[WhiteElo "1898"]
[BlackElo "1878"]
[Annotator "NA"]
[PlyCount "35"]
[EventDate "2018.08.01"]
[EventType "swiss"]
[EventCountry "ESP"]
[SourceTitle "playchess.com"]
[Source "ChessBase"]
[SourceQuality "1"]
[TimeControl "5400+30"]

1. d4 d6 2. Nf3 g6 3. e4 Bg7 4. c4 Nd7 5. Nc3 c5 6. d5 a6 7. a4 Rb8 8. Be2 Ngf6 9. h3 h6 10. O-O O-O 11. Be3 Kh7 12. Nd2 g5 13. Qc2 Ne5 14. Nf3 Nfd7 15. Nxe5 Nxe5 16. f4 gxf4 17. Bxf4 Qe8 18. Rf2 1/2-1/2

[Event "44th Badalona Open 2018"]
[Site "Badalona"]
[Date "2018.08.08"]
[Round "8"]
[White "Casares Bonals, Ainhoa"]
[Black "Kruijf, Caspar"]
[Result "1-0"]
[ECO "C55"]
[WhiteElo "1637"]
[BlackElo "1918"]
[Annotator "NA"]
[PlyCount "117"]
[EventDate "2018.08.01"]
[EventType "swiss"]
[EventCountry "ESP"]
[SourceTitle "playchess.com"]
[Source "ChessBase"]
[SourceQuality "1"]
[TimeControl "5400+30"]

1. e4 e5 2. Nf3 Nc6 3. d4 exd4 4. Bc4 Bc5 5. O-O Nf6 6. e5 d5 7. exf6 dxc4 8. fxg7 Rg8 9. Bg5 Be7 10. Re1 Be6 11. Bxe7 Kxe7 12. c3 d3 13. Nbd2 Qd5 14. b3 cxb3 15. axb3 Rxg7 16. c4 Qf5 17. Nf1 Qg6 18. Ng3 Kf8 19. h3 Rd8 20. Ne5 Nxe5 21. Rxe5 Qf6 22. Re3 Qd4 23. Ra2 d2 24. Kh2 a6 25. Re2 Qc5 26. Rexd2 Re8 27. Rd8 Qe7 28. Rad2 f6 29. Rxe8+ Kxe8 30. Re2 Qd7 31. Qe1 Re7 32. Nh5 Qd6+ 33. Kg1 Kf7 34. Qb1 f5 35. Qb2 Kg6 36. Qf6+ Kxh5 37. g4+ fxg4 38. Re5+ Qxe5 39. Qxe5+ Kg6 40. hxg4 Kf7 41. g5 Ke8 42. Qh8+ Kd7 43. Qb8 Kc6 44. Qf8 Kd7 45. Qh8 Bf5 46. Qd4+ Ke8 47. f4 Re1+ 48. Kf2 Re4 49. Qh8+ Kd7 50. Qg7+ Re7 51. Qf6 Bc2 52. f5 Ke8 53. Qh8+ Kd7 54. Qd4+ Ke8 55. f6 Re4 56. Qd5 Rf4+ 57. Kg3 Re4 58. Qg8+ Kd7 59. f7 1-0

[Event "44th Badalona Open 2018"]
[Site "Badalona"]
[Date "2018.08.09"]
[Round "9"]
[White "Oliva Castaneda, Kevel"]
[Black "Gallego Alcaraz, Andres Felipe"]
[Result "1/2-1/2"]
[ECO "A05"]
[WhiteElo "2478"]
[BlackElo "2500"]
[Annotator "ChessBase"]
[PlyCount "35"]
[EventDate "2018.08.01"]
[EventType "swiss"]
[EventCountry "ESP"]
[SourceTitle "playchess.com"]
[Source "ChessBase"]
[SourceQuality "1"]
[TimeControl "5400+30"]

1. Nf3 Nf6 2. c4 c5 3. g3 d5 4. cxd5 Nxd5 5. Bg2 Nc6 6. O-O e5 7. Nc3 Nc7 8. a3 Be7 9. b4 f6 10. bxc5 Bxc5 11. Qb3 Na5 12. Qc2 O-O 13. Rb1 Be6 14. Rd1 Rc8 15. d4 exd4 16. Na4 Na6 17. Nxc5 Rxc5 18. Qb2 1/2-1/2

[Event "44th Badalona Open 2018"]
[Site "Badalona"]
[Date "2018.08.09"]
[Round "9"]
[White "Sturt, Raven M"]
[Black "Diaz Camallonga, Carles"]
[Result "1/2-1/2"]
[ECO "E32"]
[WhiteElo "2437"]
[BlackElo "2445"]
[Annotator "NA"]
[PlyCount "119"]
[EventDate "2018.08.01"]
[EventType "swiss"]
[EventCountry "ESP"]
[SourceTitle "playchess.com"]
[Source "ChessBase"]
[SourceQuality "1"]
[TimeControl "5400+30"]

1. d4 e6 2. c4 Nf6 3. Nc3 Bb4 4. Qc2 O-O 5. e4 d6 6. Bd3 e5 7. a3 exd4 8. axb4 dxc3 9. bxc3 Re8 10. Ne2 Nc6 11. Ng3 a5 12. f4 Ng4 13. Be2 Qh4 14. b5 Nb8 15. Bxg4 Qxg4 16. O-O Qd7 17. Ba3 f6 18. Rad1 Qe6 19. e5 dxe5 20. fxe5 Nd7 21. exf6 Nxf6 22. Qd2 Qf7 23. Qd4 Qg6 24. Qc5 Bg4 25. Rd4 Rac8 26. Rdf4 h6 27. b6 Nd7 28. Qd4 Be6 29. bxc7 Rxc7 30. c5 Kh7 31. Ne4 Nb8 32. Nd6 Nc6 33. Qf2 Rd8 34. Rf3 Re7 35. Rg3 Qh5 36. h3 Ne5 37. c4 Ng6 38. Qc2 Bd7 39. Kh2 Bc6 40. Rf2 Rdd7 41. Qc3 Qe5 42. Qc2 Re6 43. Rf5 Qe2 44. Qb1 Be4 45. Nxe4 Qxe4 46. Qxe4 Rxe4 47. c6 bxc6 48. Rxa5 Rxc4 49. Rc5 Rxc5 50. Bxc5 Nf4 51. Rg4 Ne6 52. Be3 Kg8 53. Bxh6 Rd4 54. Rg3 Kf7 55. Bc1 c5 56. Rf3+ Kg6 57. Bb2 Re4 58. Rg3+ Kf7 59. Rf3+ Kg6 60. Rg3+ 1/2-1/2

[Event "44th Badalona Open 2018"]
[Site "Badalona"]
[Date "2018.08.09"]
[Round "9"]
[White "Ootes, Lars"]
[Black "Gorti, Akshita"]
[Result "1/2-1/2"]
[ECO "A13"]
[WhiteElo "2378"]
[BlackElo "2327"]
[Annotator "NA"]
[PlyCount "56"]
[EventDate "2018.08.01"]
[EventType "swiss"]
[EventCountry "ESP"]
[SourceTitle "playchess.com"]
[Source "ChessBase"]
[SourceQuality "1"]
[TimeControl "5400+30"]

1. c4 e6 2. Nc3 d5 3. e3 Nf6 4. Nf3 Be7 5. b3 O-O 6. Bb2 c5 7. cxd5 Nxd5 8. a3 Nc6 9. Qc2 b6 10. h4 f5 11. Nxd5 exd5 12. d4 Be6 13. Rd1 Rc8 14. Ba6 Rc7 15. Qe2 h6 16. h5 Bf6 17. Bb5 Na5 18. dxc5 bxc5 19. b4 cxb4 20. axb4 Nc4 21. Bxc4 Rxc4 22. Qxc4 dxc4 23. Rxd8 Bxd8 24. Bd4 Be7 25. Bc3 Rb8 26. Nd4 Bf6 27. Kd2 Bxd4 28. exd4 Bd5 1/2-1/2

[Event "44th Badalona Open 2018"]
[Site "Badalona"]
[Date "2018.08.09"]
[Round "9"]
[White "Harikrishnan, A Ra"]
[Black "Verstraeten, Reinaert"]
[Result "1/2-1/2"]
[ECO "A05"]
[WhiteElo "2301"]
[BlackElo "2303"]
[Annotator "NA"]
[PlyCount "57"]
[EventDate "2018.08.01"]
[EventType "swiss"]
[EventCountry "ESP"]
[SourceTitle "playchess.com"]
[Source "ChessBase"]
[SourceQuality "1"]
[TimeControl "5400+30"]

1. Nf3 Nf6 2. c4 g6 3. g3 Bg7 4. Bg2 O-O 5. O-O d6 6. d4 Nc6 7. h3 a6 8. Nc3 Rb8 9. e4 b5 10. d5 Na5 11. cxb5 axb5 12. b4 Nc4 13. Nd4 Bd7 14. a4 bxa4 15. b5 Nb6 16. Qd3 e6 17. Be3 exd5 18. exd5 Re8 19. Nc6 Bxc6 20. bxc6 Nc8 21. Rxa4 Ne7 22. g4 h5 23. Bf3 hxg4 24. hxg4 Nh7 25. Ne4 Nf6 26. Nc3 Nh7 27. Ne2 Be5 28. Bg2 Ra8 29. Rxa8 1/2-1/2

[Event "44th Badalona Open 2018"]
[Site "Badalona"]
[Date "2018.08.09"]
[Round "9"]
[White "Ferre Campos, Josep"]
[Black "Gorti, Atmika"]
[Result "1-0"]
[ECO "B20"]
[WhiteElo "1878"]
[BlackElo "1858"]
[Annotator "NA"]
[PlyCount "53"]
[EventDate "2018.08.01"]
[EventType "swiss"]
[EventCountry "ESP"]
[SourceTitle "playchess.com"]
[Source "ChessBase"]
[SourceQuality "1"]
[TimeControl "5400+30"]

1. e4 c5 2. d3 Nc6 3. Nd2 Nf6 4. g3 g6 5. Bg2 Bg7 6. Ngf3 d6 7. O-O O-O 8. Re1 Qc7 9. c3 Nd7 10. Qc2 Nce5 11. Nxe5 Nxe5 12. f4 Nc6 13. a4 b6 14. Nc4 Bb7 15. Ne3 e6 16. Rf1 Rad8 17. f5 exf5 18. exf5 Rfe8 19. fxg6 fxg6 20. Nd5 Qd7 21. Bg5 Rb8 22. Nf6+ Bxf6 23. Bd5+ Re6 24. Rxf6 Nd8 25. Bh6 Qe7 26. Raf1 Nf7 27. Bxe6 1-0

[Event "44th Badalona Open 2018"]
[Site "Badalona"]
[Date "2018.08.09"]
[Round "9"]
[White "Casares Bonals, Ainhoa"]
[Black "Mut Company, Guillem Joan"]
[Result "1/2-1/2"]
[ECO "B12"]
[WhiteElo "1637"]
[BlackElo "1898"]
[Annotator "NA"]
[PlyCount "43"]
[EventDate "2018.08.01"]
[EventType "swiss"]
[EventCountry "ESP"]
[SourceTitle "playchess.com"]
[Source "ChessBase"]
[SourceQuality "1"]
[TimeControl "5400+30"]

1. e4 c6 2. d4 d5 3. e5 c5 4. dxc5 e6 5. Nf3 Bxc5 6. a3 Nd7 7. b4 Be7 8. Bd3 a5 9. b5 f6 10. exf6 Bxf6 11. Ra2 e5 12. Be2 Ne7 13. O-O O-O 14. c4 d4 15. Bd3 Nc5 16. Re1 Qd6 17. Bb2 Be6 18. a4 Qc7 19. Na3 b6 20. Qd2 Nxa4 21. Bxd4 Nc5 22. Bb2 1/2-1/2